 Dungeon Crawl Stone Soup version 0.29.1-2-gbd0b4ee654 (webtiles) character file.

Game seed: 9610225105994513005

6727 KittyFluff the Grappler (level 10, -2/136 HPs)
             Began as a Troll Berserker on Nov 27, 2022.
             Was a High Priest of Trog.
             Slain by an orc warrior
             ... wielding a +0 trident
              (8 damage)
             ... on level 9 of the Dungeon on Nov 28, 2022.
             The game lasted 00:45:37 (7123 turns).

KittyFluff the Grappler (Troll Berserker)           Turns: 7123, Time: 00:45:38

Health: -2/136     AC:  7    Str: 27    XL:     10   Next: 75%
Magic:  9/9        EV: 16    Int:  3    God:    Trog [*****.]
Gold:   403        SH:  0    Dex: 13    Spells: 9/9 levels left

rFire   . . .      SeeInvis +     - Unarmed
rCold   + . .      Faith    .   t - orb {light}
rNeg    . . .      Spirit   .   y - +0 troll leather armour
rPois   +          Reflect  .   (helmet restricted)
rElec   +          Harm     .   D - +0 cloak
rCorr   .          Rampage  .   (gloves unavailable)
Will    .....                   (boots unavailable)
Stlth   ..........              (no amulet)
HPRegen 1.92/turn               H - ring of Cawyly {rElec rPois rC+ SInv}
MPRegen 0.11/turn               q - +4 ring of evasion

@: berserking, glowing, studying Shields, very quick
A: large, unfitting armour, claws 3, regeneration 1, shaggy fur 1, tough skin 1
a: Renounce Religion, Berserk, Trog's Hand, Brothers in Arms


You were on level 9 of the Dungeon.
You worshipped Trog.
Trog was extremely pleased with you.
You visited 1 branch of the dungeon, and saw 9 of its levels.

You collected 403 gold pieces.

Inventory:

Hand Weapons
 m - a +0 sling
 x - the +9 trident "Demonslayer" {drain, rC+ Str+4}
   (You found it on level 5 of the Dungeon)

   A truly terrible weapon, it drains the life of any living foe it strikes.
   Str:       It affects your strength (+4).
   rC:        It protects you from cold.
 K - a +0 giant spiked club
 N - a +0 morningstar
Missiles
 a - 38 poisoned darts
 e - 66 stones (quivered)
 i - 5 curare-tipped darts
 n - 12 boomerangs
 o - 4 silver javelins
Armour
 j - a +0 robe
 t - an orb of light (worn)
 y - a +0 troll leather armour (worn)
 D - a +0 cloak (worn)
 I - a +0 buckler
Jewellery
 q - a +4 ring of evasion (right claw)
 H - the ring of Cawyly (left claw) {rElec rPois rC+ SInv}
   (You found it on level 9 of the Dungeon)

   [ring of see invisible]

   rC:        It protects you from cold.
   rElec:     It insulates you from electricity.
   rPois:     It protects you from poison.
   SInv:      It lets you see invisible.
Wands
 w - a wand of paralysis (25)
 F - a wand of digging (3)
Scrolls
 b - 6 scrolls of teleportation
 c - 2 scrolls of fear {unknown}
 d - 2 scrolls of poison {unknown}
 h - 4 scrolls of noise {unknown}
 k - a scroll of torment {unknown}
 l - a scroll of acquirement {unknown}
 v - a scroll of magic mapping {unknown}
 A - 2 scrolls of brand weapon {unknown}
 C - a scroll of fog {unknown}
 E - 2 scrolls of enchant armour {unknown}
 G - a scroll of silence {unknown}
 L - a scroll of amnesia {unknown}
 M - a scroll of enchant weapon {unknown}
 P - a scroll of blinking {unknown}
Potions
 f - a potion of invisibility
 g - 3 potions of attraction
 p - a potion of flight {unknown}
 r - 4 potions of curing
 s - 2 potions of lignification
 u - 2 potions of haste
 z - 2 potions of heal wounds
 B - 2 potions of berserk rage
 J - a potion of cancellation {unknown}
 O - 8 potions of ambrosia


   Skills:
 * Level 3.5 Fighting
 + Level 0.3 Ranged Weapons
 * Level 4.7 Throwing
 + Level 3.3 Armour
 * Level 6.2 Dodging
 + Level 1.1 Stealth
 * Level 12.2 Unarmed Combat
 * Level 3.2 Evocations


You had 9 spell levels left.
You didn't know any spells.
Your spell library was empty.

Dungeon Overview and Level Annotations

Branches:
Dungeon (9/15)             Temple (0/1) D:5
   Lair: D:8-11         Orc: D:9-12

Altars:


Innate Abilities, Weirdness & Mutations

You are too large for most types of armour.
You have claws for hands.
Your natural rate of healing is unusually fast.
You are covered in fur. (AC +1)
You have tough skin. (AC +1)


Message History

P - a scroll labelled RUFUYCH BUOVOL You see here a +0 war axe.
Throw: 67 stones
Press: ? - help, Q - select action, (/) - cycle Shift-Dir - straight line, f - two-headed ogre
Aim: a two-headed ogre, wielding a +0 giant spiked club and a +0 giant club (haloed, 93% to hit)
You throw a stone. The stone hits the two-headed ogre.
The two-headed ogre is lightly wounded.
You barely miss the two-headed ogre.
The two-headed ogre is lightly wounded.
The two-headed ogre hits you with a +0 giant spiked club!!
The two-headed ogre hits you with a +0 giant club!
You hear a howl!
A red film seems to cover your vision as you go berserk!
You feel yourself moving faster!
You feel mighty!
You hear a shout!
The orc warrior hits you from afar with a +0 trident!!
The two-headed ogre hits you with a +0 giant spiked club!!
* * * LOW HITPOINT WARNING * * *
The two-headed ogre hits you with a +0 giant club!!
* * * LOW HITPOINT WARNING * * *
You claw the two-headed ogre!
The two-headed ogre is moderately wounded.
The orc warrior completely misses you.
You mangle the two-headed ogre!!
The two-headed ogre is heavily wounded.
You mangle the two-headed ogre!!
You kill the two-headed ogre!
Trog accepts your kill.
The orc warrior hits you from afar with a +0 trident.
* * * LOW HITPOINT WARNING * * *
Your Unarmed Combat skill increases to level 12!
The orc warrior barely misses you.
Things that are here:
a +0 giant spiked club; a +0 giant club; a +0 war axe You claw the orc warrior!
The orc warrior is moderately wounded.
You claw the orc warrior!
The orc warrior is severely wounded.
The orc warrior hits you with a +0 trident!
You die...

#......oh..#
#..........#
#......o...##
#...........#
............#
#...........#
#...?.......#
#########o###
#..@.# ##.####
#..# #+### ##.##
....# #..# ....#
##.#####
....#######..)...#
....'....##......#
....####.........#


You could see an orc warrior.

Vanquished Creatures
  A two-headed ogre (D:9)
  2 trolls
  A queen bee (D:9)
  Grinder (D:4)
  2 hornets (D:7)
  3 yaks (D:9)
  2 wyverns
  Menkaure (D:5)
  3 water moccasins
  An orc warrior (D:9)
  A black bear (D:6)
  2 sky beasts
  4 ogres
  2 centaurs (D:8)
  3 phantoms
  3 kobold brigands
  3 scorpions (D:5)
  6 wights (D:9)
  24 killer bees (D:9)
  6 hounds
  A jelly (D:5)
  4 orc priests
  A gnoll bouda (D:7)
  Crazy Yiuf (D:7)
  Jessica (D:2)
  Natasha (D:4)
  6 iguanas
  5 orc wizards
  9 gnolls
  3 adders
  An ufetubus (D:6)
  A worm (D:3)
  3 dart slugs
  16 orcs
  4 bats
  15 endoplasms
  3 giant cockroaches
  7 hobgoblins
  3 jackals
  9 quokkas
  7 ball pythons
  5 frilled lizards
  8 goblins
  23 kobolds
  4 rats
212 creatures vanquished.

Notes
Turn   | Place    | Note
-------+----------+-------------------------------------------
     0 | D:1      | KittyFluff the Troll Berserker began the quest for the Orb.
     0 | D:1      | Reached XP level 1. HP: 22/22 MP: 0/0
    92 | D:1      | Reached XP level 2. HP: 29/29 MP: 1/1
   258 | D:1      | Reached ** piety under Trog
   336 | D:1      | Reached XP level 3. HP: 36/36 MP: 2/2
  1036 | D:2      | Noticed Jessica
  1043 | D:2      | Killed Jessica
  1044 | D:2      | Reached XP level 4. HP: 24/44 MP: 3/3
  1355 | D:2      | Found a faded altar of an unknown god.
  1566 | D:3      | Reached skill level 4 in Unarmed Combat
  1920 | D:3      | Reached *** piety under Trog
  1957 | D:3      | Reached XP level 5. HP: 41/50 MP: 4/4
  2250 | D:4      | Noticed Grinder
  2265 | D:4      | Killed Grinder
  2266 | D:4      | Reached skill level 1 in Throwing
  2266 | D:4      | Reached skill level 5 in Unarmed Combat
  2266 | D:4      | Reached XP level 6. HP: 59/59 MP: 5/5
  2275 | D:4      | Noticed Natasha
  2282 | D:4      | Killed Natasha
  2568 | D:4      | Reached skill level 6 in Unarmed Combat
  2673 | D:5      | Entered Level 5 of the Dungeon
  2820 | D:5      | Reached XP level 7. HP: 55/66 MP: 6/6
  3278 | D:5      | Noticed Menkaure
  3287 | D:5      | Killed Menkaure
  3344 | D:5      | Reached skill level 7 in Unarmed Combat
  3365 | D:5      | Reached **** piety under Trog
  3398 | D:5      | Reached skill level 1 in Evocations
  3409 | D:5      | Reached XP level 8. HP: 74/74 MP: 7/7
  3441 | D:5      | Identified the +9 trident "Demonslayer" {drain, rC+ Str+4}
  3444 | D:5      | Noticed a troll
  3451 | D:5      | Killed a troll
  3452 | D:5      | Reached skill level 8 in Unarmed Combat
  3611 | D:5      | Reached skill level 9 in Unarmed Combat
  3671 | D:5      | Found a staircase to the Ecumenical Temple.
  4033 | D:6      | Reached skill level 1 in Armour
  4080 | D:6      | Reached XP level 9. HP: 66/81 MP: 8/8
  4121 | D:6      | Reached skill level 5 in Dodging
  4610 | D:7      | You fall into a shaft and drop 1 floor!
  5016 | D:7      | Found a runed translucent door.
  5017 | D:7      | Noticed Crazy Yiuf
  5025 | D:7      | Killed Crazy Yiuf
  5026 | D:7      | Reached skill level 10 in Unarmed Combat
  6063 | D:9      | Identified the ring of Cawyly {rElec rPois rC+ SInv}
  6126 | D:9      | Reached skill level 1 in Stealth
  6131 | D:9      | Reached XP level 10. HP: 91/91 MP: 9/9
  6513 | D:9      | Reached skill level 11 in Unarmed Combat
  6939 | D:9      | Reached ***** piety under Trog
  7108 | D:9      | Noticed a two-headed ogre
  7117 | D:9      | HP: 4/136 [two-headed ogre/+0 giant spiked club (23)]
  7120 | D:9      | Killed a two-headed ogre
  7121 | D:9      | Reached skill level 12 in Unarmed Combat
  7123 | D:9      | Slain by an orc warrior

Illustrated notes

Levels and vault maps discovered:
D:1:      minmay_arrival_wavy_path, layout_basic
D:2:      layout_basic, shapermc_ecumenical_altar_venn, uniq_jessica
D:3:      layout_loops_cross
D:4:      layout_cave_pools, uniq_natasha, uniq_grinder
D:5:      kennysheep_windowed_halls, layout_basic,
          minmay_temple_entry_overgrown, uniq_menkaure
D:6:      layout_basic
D:7:      layout_basic, uniq_crazy_yiuf_cottage
D:8:      layout_loops_ring, chequers_jeans
D:9:      layout_roguey, gammafunk_temple_overflow_statue, david_orc_3,
          special_room [special_room_bee]

Skill      XL: |  1  2  3  4  5  6  7  8  9 10 |
---------------+-------------------------------+-----
Dodging        | 3 4 5 6 |  6.2
Unarmed Combat | 4 5 6 7 9 10 12 | 12.2
Throwing       | 1 2 3 4 |  4.7
Evocations     | 1 2 3 |  3.2
Fighting       | 3 |  3.5
Armour         | 1 2 3 |  3.3
Stealth        | 1 |  1.1
Ranged Weapons | |  0.3

Action                   |  1- 3 |  4- 6 |  7- 9 | 10-12 || total
-------------------------+-------+-------+-------+-------++-------
Melee: Unarmed           |   100 |   118 |   221 |   125 ||   564
       Punch             |       |     3 |       |       ||     3
Throw: Stone             |       |       |    12 |     1 ||    13
Invok: Berserk           |       |       |     3 |     1 ||     4
  Use: Scroll            |       |     3 |     6 |       ||     9
Armor: Animal skin       |    18 |       |       |       ||    18
       Robe              |    14 |    29 |     8 |       ||    51
       Troll leather arm |       |       |    28 |    22 ||    50
Dodge: Dodged            |    50 |    61 |   139 |    94 ||   344
